 Dungeon Crawl Stone Soup version 0.22-a0-160-gcc81d7a (webtiles) character file.

65116 Borgoz the Severer (level 15, 0/146 HPs)
             Began as a Hill Orc Abyssal Knight on Feb 10, 2018.
             Was the Champion of Lugonu.
             Slain by a deep elf mage
             ... wielding a +0 short sword
              (6 damage)
             ... on level 1 of the Elven Halls.
             The game lasted 01:00:14 (22564 turns).

Borgoz the Severer (Hill Orc Abyssal Knight)       Turns: 22564, Time: 01:00:15

Health: 0/146      AC: 16    Str: 24    XL:     15   Next: 15%
Magic:  24/24      EV: 16    Int: 12    God:    Lugonu [******]
Gold:   1857       SH:  0    Dex: 14    Spells: 14/14 levels left

rFire    . . .     SeeInvis +   a - +2 broad axe (flame)
rCold    . . .     Gourm    .   (no shield)
rNeg     . . .     Faith    .   I - +5 ring mail "Jammie" {rCorr Str+6}
rPois    +         Spirit   .   w - +2 hat {SInv}
rElec    .         Reflect  .   (no cloak)
rCorr    +         Harm     .   (no gloves)
MR       +....                  (no boots)
Stlth    +.........             p - amulet of regeneration
HPRegen  0.74/turn              j - ring of poison resistance
MPRegen  0.19/turn              q - +2 ring of protection

@: no status effects
A: no striking features
a: Depart the Abyss, Bend Space, Banish, Corrupt, Enter the Abyss, Brand Weapon
With Distortion, Renounce Religion


You were on level 1 of the Elven Halls.
You worshipped Lugonu.
Lugonu was exalted by your worship.
You were not hungry.

You visited 4 branches of the dungeon, and saw 19 of its levels.
You visited the Abyss 2 times.
You also visited: Ossuary, Bailey and Ice Cave.

You collected 2935 gold pieces.
You spent 1078 gold pieces at shops.

Inventory:

Hand Weapons
 a - a +2 broad axe of flaming (weapon)
 b - a +2 whip of freezing
 m - the +9 hand axe of Onuwomaq {drain, Int+2 SInv, unknown}
   (You bought it in a shop on level 1 of the Elven Halls)

   A truly terrible weapon, it drains the life of those it strikes.
   It affects your intelligence (+2).
   It lets you see invisible.
Armour
 w - a +2 hat of see invisible (worn)
 I - the +5 ring mail "Jammie" (worn) {rCorr Str+6}
   (You found it on level 10 of the Dungeon)

   It affects your strength (+6).
   It protects you from acid and corrosion.
Jewellery
 j - a ring of poison resistance (left hand)
 p - an amulet of regeneration (around neck)
 q - a +2 ring of protection (right hand)
 x - an uncursed ring of protection from cold
Wands
 t - a wand of scattershot (8)
 y - a wand of acid (6)
 J - a wand of digging (12)
Scrolls
 d - 10 scrolls of enchant weapon
 e - 2 scrolls of immolation {unknown}
 f - 2 scrolls of fear
 h - 6 scrolls of remove curse
 i - 2 scrolls of blinking
 o - 7 scrolls of enchant armour
 z - 4 scrolls of identify
 A - a scroll of magic mapping
 F - 4 scrolls of teleportation
Potions
 g - 5 potions of curing
 n - a potion of haste
 r - 4 potions of might
 s - a potion of lignification
 u - a potion of magic {unknown}
 v - 2 potions of ambrosia
 B - 5 potions of agility
 C - 6 potions of flight
 D - 2 potions of invisibility
 E - 2 potions of cancellation
 G - a potion of berserk rage
Comestibles
 c - 47 rations


   Skills:
 * Level 16.8 Fighting
 * Level 18.0 Axes
 + Level 11.6 Armour
 + Level 8.8 Dodging
 + Level 12.8 Invocations


You had 14 spell levels left.
You didn't know any spells.

Dungeon Overview and Level Annotations

Branches:
Dungeon (10/15)            Temple (0/1) D:5            Lair (6/6) D:10
  Swamp (0/4) Lair:4        Snake (0/4) Lair:3        Slime (0/5) Lair:5
    Orc (2/2) D:9             Elf (1/3) Orc:2

Altars:
Ashenzari
Cheibriados
Nemelex Xobeh
Okawaru
Ru
Yredelemnul
Beogh
Jiyva

Shops:
D:8 [*?!   D:10 *   Orc:1 }   Orc:2 [((}   Elf:1 ![?(

Annotations:
Lair:6 Lathuz's ghost, journeyman MiBe


Message History

The deep elf mage blinks!
The boggart shouts!
The deep elf archer shoots an arrow.
The arrow hits you.
The boggart gestures wildly while chanting.
The boggart flickers and vanishes for a moment.
You see here an arrow.
The deep elf archer gestures at you while chanting.
You resist with some effort.
The boggart mumbles some strange words.
The ice beast misses you.
The boggart zaps a wand.
The puff of flame hits you!
* * * LOW HITPOINT WARNING * * *
It is a wand of flame (33).
The deep elf mage points at you and mumbles some strange words.
The bolt of lightning hits the boggart.
The bolt of lightning hits you!
* * * LOW HITPOINT WARNING * * *
There is a staircase back to the Mines, spattered with blood here.
The boggart mumbles some strange words.
The deep elf mage hits you with a short sword.
You die...

#######..#.............(.....
#..................e.##e.....
#.######.....[....e.###......
#.# #..............##......
#.# ##.........(.....#.####.
#.# #....)..e......[.... #.
#.# #....e...Y........... #.
#.# #.....g.e............ #.
#.#####.....@Y.)..........
#...# #...................
###.# ####.###........... #.#
##..).)###........
#.###...♣...#######..
#.##.........## .
###.....∩.....##
#....#...#....#### #
#.............#...


You could see a deep elf annihilator, a deep elf archer, 3 deep elf magi, 2 ice
beasts and a boggart (invisible).

Vanquished Creatures
  Rupert (Lair:5)
  An orc warlord (Orc:2)
  A deep elf sorcerer (Elf:1)
  Snorg (Lair:3)
  Josephine (Lair:5)
  3 hydras
  2 ice dragons (IceCv)
  3 two-headed ogres (D:9)
  3 dancing weapons (Orc:2)
  2 death yaks
  3 orc high priests
  A wizard (Elf:1)
  3 orc knights
  Pikel (D:9)
  3 orc sorcerers
  9 deep elf magi
  3 black mambas
  Joseph (D:8)
  2 ice statues (IceCv)
  4 elephants
  8 spiny frogs
  2 kobold demonologists
  10 rime drakes
  3 komodo dragons
  5 trolls
  A hornet (D:7)
  3 polar bears
  A dream sheep (Lair:6)
  18 blink frogs
  10 hippogriffs
  A human (D:7)
  The ghost of Borgoz the Skirmisher, an amateur HOAK of Lugonu (D:4)
  5 wraiths (Lair:5)
  2 wyverns
  3 hogs (D:7)
  24 yaks
  A fire elemental (Elf:1)
  2 basilisks
  A hungry ghost (D:10)
  2 nagas (Lair:3)
  Menkaure (D:4)
  2 wargs
  7 porcupines
  16 water moccasins
  A swamp drake (D:9)
  15 ice beasts
  42 orc warriors
  2 sky beasts (D:7)
  A black bear (D:10)
  A phantom (D:8)
  10 ogres
  4 centaurs
  5 wolves (Lair:4)
  16 crocodiles
  A big kobold (D:7)
  2 gnoll sergeants
  9 bullfrogs
  An earth elemental (Elf:1)
  6 scorpions
  A wyvern skeleton (D:9)
  A water moccasin skeleton (D:7)
  6 killer bees (D:10)
  2 howler monkeys (D:9)
  6 electric eels
  3 human zombies (Ossuary)
  6 hounds
  2 bullfrog zombies
  30 orc priests
  A bullfrog skeleton (D:8)
  A centaur skeleton (D:8)
  22 orc wizards
  A gnoll shaman (D:7)
  Terence (D:3)
  3 iguanas
  4 worker ants
  Natasha (thrice) (D:2)
  4 hound zombies
  2 mummies (Ossuary)
  2 worker ant zombies
  13 gnolls
  9 adders
  3 shadow imps
  12 white imps (Lair:1)
  An adder zombie (D:5)
  3 worms
  A dart slug (D:1)
  6 leopard geckos
  106 orcs
  5 ball pythons
  8 bats
  3 giant cockroaches
  15 goblins
  15 hobgoblins
  16 jackals
  10 kobolds
  4 quokkas
  5 frilled lizards
  A gnoll zombie (D:8)
  3 goblin zombies (Ossuary)
  9 hobgoblin zombies (Ossuary)
  3 jackal zombies
  8 kobold zombies (Ossuary)
  2 leopard gecko skeletons
  10 orc zombies (Ossuary)
  6 rats
  2 rat zombies (Ossuary)
  2 fungi (Lair:3)
  4 plants
679 creatures vanquished.

Vanquished Creatures (others)
  A hydra (Lair:1)
  An orc knight (Orc:1)
  2 jackals (D:9)
  14 fungi (Lair:6)
  9 plants
27 creatures vanquished.

Grand Total: 706 creatures vanquished

Notes
Turn   | Place    | Note
-------+----------+-------------------------------------------
     0 | Abyss:1  | Borgoz the Hill Orc Abyssal Knight began the quest for the Orb.
     0 | Abyss:1  | Reached XP level 1. HP: 19/19 MP: 2/2
    39 | Abyss:1  | Noticed a wraith
    40 | Abyss:1  | Noticed a worldbinder
    42 | Abyss:1  | Noticed a yaktaur
    42 | Abyss:1  | Noticed a yaktaur
    42 | D:1      | Escaped the Abyss
   222 | D:1      | Reached skill level 3 in Axes
   241 | D:1      | Reached XP level 2. HP: 20/27 MP: 3/3
   358 | D:1      | Reached skill level 1 in Dodging
   423 | D:1      | Reached * piety under Lugonu
   783 | D:1      | Reached XP level 3. HP: 30/33 MP: 5/5
  1077 | D:2      | Noticed Natasha
  1093 | D:2      | Killed Natasha
  1093 | D:2      | Reached XP level 4. HP: 12/40 MP: 6/6
  1539 | D:2      | Found an iron altar of Okawaru.
  1574 | D:2      | Noticed Natasha
  1580 | D:2      | Killed Natasha
  1580 | D:2      | Reached skill level 4 in Axes
  1955 | D:2      | Found a sparkling altar of Nemelex Xobeh.
  2157 | D:2      | Noticed Natasha
  2169 | D:2      | Killed Natasha
  2169 | D:2      | Reached XP level 5. HP: 31/47 MP: 7/7
  2570 | D:3      | Reached ** piety under Lugonu
  2892 | D:3      | Noticed Terence
  2905 | D:3      | Killed Terence
  3091 | D:3      | Reached skill level 5 in Fighting
  3474 | D:3      | Reached XP level 6. HP: 51/56 MP: 8/8
  3493 | D:4      | Reached skill level 5 in Axes
  3515 | D:4      | Noticed Borgoz's ghost (amateur HOAK)
  4005 | D:4      | Noticed Menkaure
  4026 | D:4      | Reached XP level 7. HP: 23/61 MP: 10/10
  4044 | D:3      | Reached skill level 10 in Fighting
  4044 | D:3      | Reached skill level 10 in Axes
  4044 | D:3      | Reached XP level 8. HP: 30/79 MP: 10/13
  4046 | D:3      | Reached skill level 12 in Axes
  4046 | D:3      | Reached skill level 5 in Dodging
  4046 | D:3      | Reached XP level 9. HP: 35/89 MP: 10/15
  4051 | D:3      | Reached skill level 13 in Axes
  4051 | D:3      | Reached XP level 10. HP: 40/99 MP: 11/16
  4153 | D:4      | Killed Menkaure
  4224 | D:4      | Killed Borgoz's ghost
  4739 | D:5      | Entered Level 5 of the Dungeon
  4933 | D:5      | Found a staircase to the Ecumenical Temple.
  5095 | D:5      | Reached *** piety under Lugonu
  5914 | D:6      | Found a shattered altar of Ashenzari.
  6227 | D:7      | Paralysed by a hornet for 3 turns
  6241 | D:7      | Reached **** piety under Lugonu
  6778 | D:7      | Found a snail-covered altar of Cheibriados.
  7237 | D:8      | Found a sand-covered staircase.
  7255 | Ossuary  | Entered an ossuary
  7555 | D:8      | Found Fagruot's Assorted Antiques.
  7570 | D:8      | Bought a polished chain mail for 218 gold pieces
  7570 | D:8      | Bought a potion of lignification for 69 gold pieces
  7631 | D:8      | Reached ***** piety under Lugonu
  7660 | D:8      | Reached XP level 11. HP: 106/106 MP: 18/18
  7674 | D:8      | Identified the +8 chain mail of the Black Skies {rC+ Str+7 Dex-4 Stlth+} (You bought it in a shop on level 8 of the Dungeon)
  7687 | D:8      | Noticed Joseph
  7708 | D:8      | Killed Joseph
  7886 | D:8      | Found Atolier's Distillery.
  7894 | D:8      | Bought a potion of heal wounds for 65 gold pieces
  7894 | D:8      | Bought a potion of heal wounds for 65 gold pieces
  7906 | D:8      | Found Eschesonn's Magic Scroll Emporium.
  7909 | D:8      | Bought a scroll of identify for 28 gold pieces
  8198 | D:8      | Reached skill level 14 in Axes
  8253 | D:8      | Found Luwn's Antique Armour Boutique.
  8367 | D:9      | Found a flagged portal.
  8404 | Bailey   | Entered a bailey
  8499 | Bailey   | Noticed an orc high priest
  8517 | Bailey   | Found an iron altar of Okawaru.
  8523 | Bailey   | Noticed a sun demon
  8529 | Bailey   | Killed an orc high priest
  8855 | Bailey   | Got a sparkling ivory ring
  8857 | Bailey   | Identified the ring of Yxzistruch {Int+2 Dex-2 SInv Stlth+} (You acquired it in a bailey)
  8962 | Bailey   | Got a pitted arbalest
  9071 | D:9      | Found a sacrificial altar of Ru.
  9101 | D:9      | Noticed a two-headed ogre
  9106 | D:9      | Killed a two-headed ogre
  9205 | D:9      | Noticed a two-headed ogre
  9214 | D:9      | Killed a two-headed ogre
  9370 | D:9      | Found a basalt altar of Yredelemnul.
  9430 | D:9      | Noticed Pikel
  9442 | D:9      | Killed Pikel
  9442 | D:9      | Reached skill level 10 in Invocations
  9528 | D:9      | Noticed a two-headed ogre
  9541 | D:9      | Killed a two-headed ogre
  9604 | D:9      | Found a staircase to the Orcish Mines.
  9697 | D:9      | Got a faintly glowing scale mail
  9716 | D:9      | Reached XP level 12. HP: 116/116 MP: 19/19
  9758 | D:9      | Identified the cursed +0 scale mail "Pocalale" {rElec rPois rC+} (You found it on level 9 of the Dungeon)
  9965 | Orc:1    | Entered Level 1 of the Orcish Mines
 10056 | Orc:1    | Found Dirien's Gadget Shop.
 10188 | Orc:1    | Noticed a soul eater
 10531 | Orc:1    | Paralysed by an orc sorcerer for 6 turns
 10542 | Orc:1    | Reached skill level 15 in Axes
 10890 | Orc:2    | Entered Level 2 of the Orcish Mines
 10890 | Orc:2    | Noticed an orc high priest
 11111 | Orc:1    | Reached ****** piety under Lugonu
 11394 | Orc:2    | Killed an orc high priest
 11533 | Orc:2    | Found a roughly hewn altar of Beogh.
 11546 | Orc:2    | Found Daophih's Weapon Shop.
 11603 | Orc:2    | Found a roughly hewn altar of Beogh.
 12072 | Orc:2    | Noticed an orc high priest
 12139 | Orc:1    | Killed an orc high priest
 12182 | Orc:2    | Noticed an orc warlord
 12328 | Orc:2    | Found a roughly hewn altar of Beogh.
 12329 | Orc:2    | Found Ingynn's Gadget Boutique.
 12453 | Orc:2    | Found a roughly hewn altar of Beogh.
 12509 | Orc:2    | Found a staircase to the Elven Halls.
 12566 | Orc:2    | Found Gitt's Antique Armour Shoppe.
 12615 | Orc:2    | Found a roughly hewn altar of Beogh.
 12615 | Orc:2    | Found Gotyotah's Antique Weapon Emporium.
 12713 | Orc:2    | Killed an orc warlord
 12993 | Orc:2    | Reached XP level 13. HP: 36/125 MP: 21/21
 13029 | Orc:2    | Found a roughly hewn altar of Beogh.
 13204 | Elf:1    | Entered Level 1 of the Elven Halls
 13228 | Orc:2    | Reached skill level 10 in Armour
 13443 | D:10     | Entered Level 10 of the Dungeon
 13887 | D:10     | Got a slimy ring mail
 14134 | D:10     | Reached skill level 16 in Axes
 14180 | D:10     | Found Jeoro's Assorted Antiques.
 14269 | D:10     | Found a staircase to the Lair.
 14276 | Lair:1   | Entered Level 1 of the Lair of Beasts
 14399 | Lair:1   | Found a frozen archway.
 14422 | Lair:1   | Reached skill level 15 in Fighting
 14459 | IceCv    | Entered an ice cave
 14487 | IceCv    | Identified the +5 ring mail "Jammie" {rCorr Str+6} (You found it on level 10 of the Dungeon)
 14818 | IceCv    | Noticed an ice dragon
 14821 | IceCv    | Noticed an ice dragon
 14832 | IceCv    | Killed an ice dragon
 14838 | IceCv    | Killed an ice dragon
 15113 | Lair:1   | Identified the cursed +0 arbalest of Benevolence {flame, +Fly rN+} (You found it in a bailey)
 17453 | Lair:3   | Reached XP level 14. HP: 127/135 MP: 22/22
 17663 | Lair:3   | Found a staircase to the Snake Pit.
 18148 | Lair:3   | Noticed Snorg
 18170 | Lair:3   | Killed Snorg
 19103 | Lair:4   | Reached skill level 17 in Axes
 19372 | Lair:4   | Found a staircase to the Swamp.
 19746 | Lair:5   | Noticed Josephine
 19758 | Lair:5   | Killed Josephine
 19807 | Lair:5   | Noticed Rupert
 19833 | Lair:5   | Killed Rupert
 20001 | Lair:5   | Found a viscous altar of Jiyva.
 20002 | Lair:5   | Found a staircase to the Slime Pits.
 20645 | Lair:6   | Entered Level 6 of the Lair of Beasts
 21274 | Lair:6   | Noticed Lathuz's ghost (journeyman MiBe)
 22123 | Elf:1    | Found Iceit's Antique Weapon Shoppe.
 22123 | Elf:1    | Found Lepunim's Distillery.
 22124 | Elf:1    | Found Hikatuas's Armour Emporium.
 22126 | Elf:1    | Found Juinloin's Magic Scroll Shoppe.
 22138 | Elf:1    | Bought a fine hand axe for 216 gold pieces
 22144 | Elf:1    | Bought a scroll of identify for 34 gold pieces
 22144 | Elf:1    | Bought a scroll of teleportation for 51 gold pieces
 22144 | Elf:1    | Bought a scroll of teleportation for 51 gold pieces
 22144 | Elf:1    | Bought a scroll of identify for 34 gold pieces
 22144 | Elf:1    | Bought a scroll of identify for 34 gold pieces
 22144 | Elf:1    | Bought a scroll of magic mapping for 59 gold pieces
 22144 | Elf:1    | Bought a scroll of identify for 34 gold pieces
 22150 | Elf:1    | Bought a potion of heal wounds for 60 gold pieces
 22150 | Elf:1    | Bought a potion of berserk rage for 60 gold pieces
 22195 | Elf:1    | Reached XP level 15. HP: 145/145 MP: 24/24
 22197 | Elf:1    | Paralysed by a wizard for 2 turns
 22229 | Elf:1    | Noticed a deep elf sorcerer
 22264 | Elf:1    | Cast into level 4 of the Abyss (a deep elf sorcerer)
 22275 | Elf:1    | Escaped the Abyss
 22283 | Elf:1    | Killed a deep elf sorcerer
 22283 | Elf:1    | Reached skill level 18 in Axes
 22552 | Elf:1    | HP: 5/146 [trident of protection (19)]
 22563 | Elf:1    | HP: 5/146 [deep elf mage/bolt of lightning[a boggart] (36)]
 22564 | Elf:1    | Slain by a deep elf mage

Vault maps used:
D:1:      evilmike_arrival_run_for_it
D:2:      marbit_many_paths, chequers_big_river, hangedman_decor_push,
          minivault_25, okawaru_trees_2, uniq_natasha
D:3:      uniq_terence
D:4:      nicolae_overflow_hidden_temple, first_ration, uniq_menkaure
D:5:      corexii_shack_village, minmay_temple_entry_butterflies
D:6:      ashenzari_conservatory_becter
D:7:      basic_altar, grunt_livestock
D:8:      enter_ossuary_3, serial_shops, shop, nicolae_shop_behind_doors,
          nicolae_shop_crystal, kennysheep_mini_moat, uniq_joseph
D:9:      nicolae_ru_sacrificial_ziggurat, erik_orc_1, basic_altar,
          enter_bailey_3, uniq_pikel
D:10:     grunt_lair_entry_orc_guard_hut, serial_shops,
          nicolae_shop_behind_doors
Lair:1:   portal_ice_cave_entry_imps, serial_bayou_lake_a
Lair:2:   nicolae_quartered_pool_super, lemuel_fruit_tree,
          infiniplex_staircase_pool
Lair:3:   guppyfry_snake_entry_island, serial_bayou_crossing, uniq_snorg
Lair:4:   swamp_mist_pool
Lair:5:   slime_altar_1, minmay_lair_drake_nest, grunt_megastairs_1,
          uniq_rupert, uniq_josephine
Lair:6:   evil_forest, lemuel_fruit_fields
Orc:1:    serial_shops, nicolae_shop_statue_plus
Orc:2:    grunt_orc_community_town_hall, grunt_orc_community_big_house_1,
          grunt_orc_community_big_house_2, grunt_orc_community_house_2,
          grunt_orc_community_house_1, grunt_orc_community_house_3,
          grunt_orc_community_house_3, grunt_orc_community_house_1,
          sword_in_stone
Elf:1:    hangedman_elf_disciples, minmay_shoptagon
Abyss:4:  hangedman_abyss_rune_macabre_mess
Ossuary:  ossuary_tomb_1
Bailey:   bailey_axe_of_yendor_kennysheep, bailey
IceCv:    ice_cave_small_dragons

Skill      XL: |  1  2  3  4  5  6  7  8  9 10 11 12 13 14 15 |
---------------+----------------------------------------------+-----
Axes           | 3 4 5 10 12 13 14 15 16 17 18 | 18.0
Dodging        | 1 2 4 5 6 7 8 |  8.8
Fighting       | 4 5 10 11 12 13 14 15 16 | 16.8
Invocations    | 3 4 7 8 9 10 11 12 | 12.8
Armour         | 3 6 7 8 9 10 11 | 11.6

Action                   |  1- 3 |  4- 6 |  7- 9 | 10-12 | 13-15 || total
-------------------------+-------+-------+-------+-------+-------++-------
Melee: Hand axe          |    91 |    93 |       |       |       ||   184
       War axe           |       |   165 |     6 |  1259 |   489 ||  1919
       Broad axe         |       |       |       |       |   511 ||   511
       Whip              |       |       |       |       |    33 ||    33
Invok: Depart the Abyss  |     1 |       |       |       |     1 ||     2
       Banish            |       |       |       |     1 |     1 ||     2
Evoke: Wand              |       |       |       |       |     4 ||     4
  Use: Potion            |       |     5 |     4 |     5 |    14 ||    28
       Scroll            |       |     2 |     5 |    16 |    12 ||    35
  Eat: Chunk             |     1 |     6 |       |    30 |    33 ||    70
       Ration            |       |     1 |       |       |       ||     1
Armor: Leather armour    |    42 |       |       |       |       ||    42
       Ring mail         |     2 |    93 |     3 |   107 |   237 ||   442
       Skin              |       |       |       |    23 |    88 ||   111
       Chain mail        |       |       |       |   282 |   170 ||   452
Dodge: Dodged            |    64 |   181 |     5 |   545 |   648 ||  1443

Table legend:
 A = Spawn XP
 B = Non-spawn XP
 C = Spawn XP percentage of total XP
 D = Spawn monster count
 E = Non-spawn monster count
 F = Spawn count percentage of total count
 G = Total turns spent on level
                    A         B        C        D         E        F      G
               +---------+---------+-------+---------+---------+-------+---------
         Total |       0 |   88881 |   0.0 |       0 |     675 |   0.0 | 22564
               +---------+---------+-------+---------+---------+-------+---------
           D:1 |       0 |      42 |   0.0 |       0 |      20 |   0.0 |   995
           D:2 |       0 |     147 |   0.0 |       0 |      21 |   0.0 |  1462
           D:3 |       0 |     191 |   0.0 |       0 |      33 |   0.0 |  1309
           D:4 |       0 |     886 |   0.0 |       0 |      22 |   0.0 |   931
           D:5 |       0 |     657 |   0.0 |       0 |      34 |   0.0 |   964
           D:6 |       0 |     502 |   0.0 |       0 |      21 |   0.0 |   511
           D:7 |       0 |    2052 |   0.0 |       0 |      24 |   0.0 |   985
           D:8 |       0 |    1235 |   0.0 |       0 |      17 |   0.0 |   964
           D:9 |       0 |    5675 |   0.0 |       0 |      51 |   0.0 |  1171
          D:10 |       0 |    4712 |   0.0 |       0 |      42 |   0.0 |   851
        Lair:1 |       0 |    4040 |   0.0 |       0 |      31 |   0.0 |  1194
        Lair:2 |       0 |    6417 |   0.0 |       0 |      26 |   0.0 |  1357
        Lair:3 |       0 |    3751 |   0.0 |       0 |      14 |   0.0 |  1453
        Lair:4 |       0 |    5644 |   0.0 |       0 |      23 |   0.0 |   641
        Lair:5 |       0 |   12427 |   0.0 |       0 |      33 |   0.0 |  1754
        Lair:6 |       0 |    7451 |   0.0 |       0 |      25 |   0.0 |   590
         Orc:1 |       0 |    5372 |   0.0 |       0 |      38 |   0.0 |  1462
         Orc:2 |       0 |   11709 |   0.0 |       0 |      88 |   0.0 |  2162
         Elf:1 |       0 |    7576 |   0.0 |       0 |      13 |   0.0 |   343
       Ossuary |       0 |     200 |   0.0 |       0 |      39 |   0.0 |   189
        Bailey |       0 |    2845 |   0.0 |       0 |      40 |   0.0 |   602
         IceCv |       0 |    5350 |   0.0 |       0 |      20 |   0.0 |   621
               +---------+---------+-------+---------+---------+-------+---------
